 Dungeon Crawl Stone Soup version 0.14-a0-2888-g61d0ccb (webtiles) character file.

730 Quh the Firebug (level 7, -11/41 HPs)
             Began as a Deep Elf Fire Elementalist on Mar 1, 2014.
             Mangled by an orc warrior
             ... wielding a +0,+0 glaive
              (12 damage)
             ... on Level 6 of the Dungeon.
             The game lasted 00:29:16 (4961 turns).

Quh the Firebug (Deep Elf Fire Elementalist)        Turns: 4961, Time: 00:29:16

HP -11/41        AC  4     Str  7      XL: 7   Next: 16%
MP  19/21        EV 14     Int 20      God:
Gold 138         SH  0     Dex 15      Spells:  3 memorised,  6 levels left

rFire  . . .     SeeInvis .     (no weapon)
rCold  . . .     Clarity  .     k - +0 robe
rNeg   . . .     Conserve .     (no shield)
rPois  .         rCorr    .     (no helmet)
rElec  .         rRot     .     (no cloak)
SustAb . .       Spirit   .     e - +1 pair of gloves
rMut   .         Warding  .     (no boots)
Saprov . . .     Rnd*Tele +     (no amulet)
MR     .....                    (no ring)
                                n - ring of teleportation

@: not resistant to hostile enchantments, fairly stealthy
A: no striking features
a: Evoke Teleportation


You were on level 6 of the Dungeon.
You were not hungry.

You visited 1 branch of the dungeon, and saw 6 of its levels.

You collected 138 gold pieces.

Inventory:

Armour
 a - a +0 elven robe
 e - a +1 pair of gloves (worn)
 k - a +0 robe (worn)
Magical devices
 h - a wand of random effects (13)
Comestibles
 c - 4 bread rations
 g - 13 sultanas
 l - 2 pears
 m - 8 strawberries
 q - 2 rotting chunks of orc flesh
 t - a meat ration
Jewellery
 n - a ring of teleportation (left hand)
Potions
 d - 2 potions of lignification
 i - a potion of heal wounds {unknown}
 o - a potion of might {unknown}
 p - 3 potions of agility
 r - a potion of paralysis {unknown}
Books
 b - a book of Flames

   Spells                             Type                      Level
   *Flame Tongue                      Conjuration/Fire             1
   *Throw Flame                       Conjuration/Fire             2
   Conjure Flame                      Conjuration/Fire             3
   Inner Flame                        Hexes/Fire                   3
   Sticky Flame                       Conjuration/Fire             4
   *Fireball                          Conjuration/Fire             5


   Skills:
 * Level 3.3 Fighting
 + Level 4.1 Dodging
 - Level 2.4 Stealth
 - Level 4.2 Spellcasting
 * Level 3.7 Conjurations
 * Level 5.4 Fire Magic


You had 6 spell levels left.
You knew the following spells:

 Your Spells              Type           Power        Failure   Level  Hunger
a - Flame Tongue          Conj/Fire      ###..        1%          1    None
b - Throw Flame           Conj/Fire      ###...       2%          2    #......
c - Fireball              Conj/Fire      ###.......   58%         5    #####..


Dungeon Overview and Level Annotations

Branches:
Dungeon (6/16)
 Temple: D:4-7

Altars:

Annotations:
D:6 Duvessa


Message History

You kill the jackal!
The fireball engulfs you!
* * * LOW HITPOINT WARNING * * *
The fireball engulfs the giant frog zombie.
You feel that this wand is rather unreliable.
h - a wand of random effects {zapped: 1} You hear a shout!
The orc wizard glows brightly for a moment.
The worker ant bites you but does no damage.
The giant frog zombie barely misses you.
The orc priest hits you but does no damage.
You hit the giant frog zombie. The worker ant misses you.
The giant frog zombie hits you but does no damage.
The orc priest hits you with a whip.
* * * LOW HITPOINT WARNING * * *
Duvessa comes into view.
She is wielding a short sword.
You barely miss the giant frog zombie. The worker ant misses you.
The giant frog zombie hits you but does no damage.
The orc warrior hits you from afar with a glaive!
You die...

#.....#
#.....#
##....#
##...#
#...#
#oo.#
#o.o######
#aog....>e
#@########
#z# #%#
#.# ..#
..# .## .#


You could see Duvessa, an orc warrior, a worker ant, an orc priest, an orc
wizard, 2 orcs, a giant frog zombie and a hobgoblin.

Vanquished Creatures
  2 ogres (D:4)
  A goliath beetle (D:3)
  2 orc priests (D:4)
  A scorpion (D:4)
  2 worker ants (D:4)
  2 orc wizards
  Ijyb (D:3)
  4 gnolls (D:3)
  4 adders
  An inept feature mimic (D:2)
  2 oozes
  3 giant geckos
  12 orcs
  A ball python (D:3)
  7 goblins
  7 hobgoblins
  9 kobolds
  2 quokkas (D:3)
  4 bats
  7 giant cockroaches
  4 giant newts
  A goblin skeleton (D:4)
  A hobgoblin skeleton (D:4)
  10 jackals
  A quokka skeleton (D:4)
  10 rats
101 creatures vanquished.

Notes
Turn   | Place    | Note
--------------------------------------------------------------
     0 | D:1      | Quh, the Deep Elf Fire Elementalist, began the quest for the Orb.
     0 | D:1      | Reached XP level 1. HP: 10/10 MP: 5/5
   220 | D:1      | Reached XP level 2. HP: 16/16 MP: 6/8
   298 | D:1      | Learned a level 2 spell: Throw Flame
  1053 | D:2      | Reached XP level 3. HP: 20/20 MP: 6/11
  1181 | D:2      | Reached skill level 1 in Fighting
  1679 | D:2      | Reached skill level 4 in Fire Magic
  1820 | D:2      | Reached XP level 4. HP: 25/25 MP: 8/13
  2106 | D:3      | Noticed Ijyb
  2114 | D:3      | Killed Ijyb
  2428 | D:3      | Reached XP level 5. HP: 28/30 MP: 0/16
  4030 | D:4      | Reached XP level 6. HP: 25/36 MP: 8/19
  4108 | D:4      | Noticed an ogre
  4122 | D:4      | Killed an ogre
  4122 | D:4      | Reached skill level 5 in Fire Magic
  4345 | D:4      | Noticed an ogre
  4395 | D:4      | Killed an ogre
  4648 | D:4      | Reached XP level 7. HP: 41/41 MP: 14/21
  4776 | D:4      | Learned a level 5 spell: Fireball
  4798 | D:5      | Entered Level 5 of the Dungeon
  4960 | D:6      | HP: 1/41 [orc priest/whip (2)]
  4961 | D:6      | Noticed Duvessa
  4961 | D:6      | Mangled by an orc warrior

Action                   |  1- 3 |  4- 6 |  7- 9 || total
-------------------------+-------+-------+-------++-------
Melee: Unarmed           |     8 |     2 |     2 ||    12
 Cast: Flame Tongue      |    55 |   107 |     6 ||   168
       Throw Flame       |    24 |    51 |     8 ||    83
Evoke: Wand              |       |       |     1 ||     1
  Use: Scroll            |     1 |     8 |       ||     9
       Potion            |       |     1 |     3 ||     4
